[Event "Titled Tuesday Blitz December 20 Late 2022"]
[White "Bach, Matthias"]
[Black "Kalajzic, Ivan"]
[WhiteFideId "4603168"]
[BlackFideId "14506378"]
[WhiteElo "2165"]
[BlackElo "2163"]
[Result "1-0"]
[Round "11"]
[TimeControl "180+1"]
[Date "2022.12.21"]
[WhiteClock "0:00:41"]
[BlackClock "0:00:16"]

1. d4 d5 2. c4 Nc6 3. f4 Bf5 4. cxd5 Qxd5 5. e3 e6 6. Nc3 Bb4 7. Bd2 Bxc3 8. bxc3 Nf6 9. Nf3 Ne4 10. Be2 O-O 11. c4 Qd6 12. O-O Nxd2 13. Qxd2 Rfd8 14. Qb2 Rab8 15. Ne5 Nxe5 16. fxe5 Qb6 17. Qb3 c5 18. Rad1 Qxb3 19. axb3 Bc2 20. Rd2 Bxb3 21. Rb2 Ba4 22. Ra1 Bc6 23. Rd1 cxd4 24. exd4 b6 25. Bf3 Bxf3 26. gxf3 Rbc8 27. Rc2 Kf8 28. Kf2 f6 29. exf6 gxf6 30. Ke3 e5 31. d5 Ke7 32. Ke4 Kd6 33. Rg1 Rg8 34. Rxg8 Rxg8 35. Kf5 Ke7 36. c5 Rg5+ 37. Ke4 bxc5 38. Rxc5 Kd7 39. Ra5 Rh5 40. Rxa7+ Kd6 41. Ra6+ Ke7 42. Ra7+ Ke8 43. d6 Rxh2 44. Kf5 Rd2 45. Ke6 Kf8 46. d7 h5 47. Ra8+ Kg7 48. d8=Q Rxd8 49. Rxd8 Kg6 50. Rf8 Kg5 51. Rxf6 h4 52. Rf5+ Kg6 53. Rxe5 h3 54. f4 1-0


[Site "https://www.chess.com"]

[Event "Titled Tuesday Blitz December 20 Late 2022"]
[White "Baches Garcia, Guillermo"]
[Black "Lopez Idarraga, Daniel Eduardo"]
[WhiteFideId "2209764"]
[BlackFideId "4405501"]
[WhiteElo "2459"]
[BlackElo "2064"]
[Result "1/2-1/2"]
[Round "11"]
[TimeControl "180+1"]
[Date "2022.12.21"]
[WhiteClock "0:00:14"]
[BlackClock "0:00:23"]

1. e4 e6 2. d4 d5 3. exd5 exd5 4. Nf3 c6 5. Bd3 Bd6 6. O-O Ne7 7. Bg5 O-O 8. Nbd2 f6 9. Bh4 Bf5 10. Nb3 Bxd3 11. Qxd3 Na6 12. c3 Nc7 13. Bg3 Bxg3 14. hxg3 Qd7 15. Nc5 Qc8 16. Rfe1 Re8 17. Re2 b6 18. Rae1 bxc5 19. Rxe7 Rxe7 20. Rxe7 c4 21. Qe3 Nb5 22. Nh4 Nd6 23. Qf4 Qd8 24. Re6 Nf7 25. Nf5 Kf8 26. Rxc6 Rb8 27. b3 cxb3 28. axb3 Rxb3 29. Nd6 Nxd6 30. Rxd6 Qb8 31. Rxd5 Qxf4 32. gxf4 Rxc3 33. Ra5 Rd3 34. Rxa7 Rd1+ 35. Kh2 Rxd4 36. g3 Kg8 37. Kg2 h5 38. Rb7 h4 39. Ra7 hxg3 40. fxg3 Kh7 41. Kf3 Rb4 42. Ra5 Kg6 43. Rc5 Rb6 44. Ra5 f5 45. Rc5 Rb3+ 46. Kf2 Ra3 47. Kg2 Rb3 48. Kf2 Rb6 49. Rd5 Rf6 50. Rd7 Kh6 51. Rd8 Kh5 52. Rh8+ Rh6 53. Rxh6+ gxh6 54. Kg2 Kg4 55. Kh2 h5 56. Kg2 h4 57. gxh4 Kxh4 58. Kh2 Kg4 59. Kg2 Kxf4 60. Kf2 Ke4 61. Ke2 Kf4 62. Kf2 Kg4 63. Kg2 f4 64. Kf2 f3 65. Kf1 Kg5 66. Kf2 Kg4 67. Kf1 Kf5 68. Kf2 Kf4 69. Kf1 Ke5 70. Kf2 Ke4 71. Kf1 Ke3 72. Ke1 Kf4 73. Kf2 Kg4 1/2-1/2


[Site "https://www.chess.com"]

[Event "Titled Tuesday Blitz December 20 Late 2022"]
[White "Battlecruiser_Operational"]
[Black "Marchesich, Giovanni"]
[BlackFideId "2824790"]
[WhiteElo "2400"]
[BlackElo "2200"]
[Result "1-0"]
[Round "11"]
[TimeControl "180+1"]
[Date "2022.12.21"]
[WhiteClock "0:00:04"]
[BlackClock "0:00:01"]

1. e4 e5 2. Nf3 d5 3. d3 dxe4 4. dxe4 Qxd1+ 5. Kxd1 f6 6. Be3 Be6 7. Nbd2 Nd7 8. Bc4 Kf7 9. Ke2 c6 10. a4 Bc5 11. a5 Bxe3 12. fxe3 Ne7 13. Rhd1 Rhd8 14. b4 Ng6 15. Ra3 Ke7 16. Rd3 Ndf8 17. Bxe6 Nxe6 18. Nb3 Rxd3 19. cxd3 Rd8 20. Rc1 a6 21. g3 Ngf8 22. d4 exd4 23. exd4 Nc7 24. Ke3 Nb5 25. Nc5 Rb8 26. Nh4 g6 27. Nf3 Ne6 28. h4 Nxc5 29. bxc5 Rd8 30. g4 h6 31. Kd3 Rd7 32. Rh1 Nc7 33. Kc4 Ne6 34. d5 Nf4 35. d6+ Kf7 36. g5 h5 37. Rb1 Ke6 38. Nd4+ Ke5 39. Rf1 fxg5 40. hxg5 h4 41. Nf3+ Kxe4 42. Nxh4 Nd5 43. Rf8 Ne3+ 44. Kb4 Nd5+ 45. Kb3 Rh7 46. Nxg6 Rh3+ 47. Kb2 Kd3 48. Nf4+ Nxf4 49. Rxf4 Rg3 50. d7 Rg2+ 51. Kb3 1-0


[Site "https://www.chess.com"]

[Event "Titled Tuesday Blitz December 20 Late 2022"]
[White "Belenkaya, Dina"]
[Black "Marcolino, Daniel Mattos"]
[WhiteFideId "24142654"]
[BlackFideId "2106841"]
[WhiteElo "2209"]
[BlackElo "2158"]
[Result "1-0"]
[Round "11"]
[TimeControl "180+1"]
[Date "2022.12.21"]
[WhiteClock "0:02:41"]
[BlackClock "0:02:24"]

1. Nf3 d5 2. g3 Nf6 3. Bg2 e6 4. d3 Be7 5. Nbd2 O-O 6. O-O b6 7. e4 dxe4 8. dxe4 Bb7 9. Qe2 c5 10. Rd1 Qc8 11. e5 Nd5 12. Ne4 Rd8 13. Bg5 Nc6 14. Bxe7 Ncxe7 15. Nd6 Qc7 16. Ng5 Rxd6 17. exd6 Qxd6 18. c4 1-0


[Site "https://www.chess.com"]

[Event "Titled Tuesday Blitz December 20 Late 2022"]
[White "Biernacki, Mark"]
[Black "White, John S."]
[WhiteFideId "2082322"]
[BlackFideId "2502348"]
[WhiteElo "1970"]
[BlackElo "1973"]
[Result "1-0"]
[Round "11"]
[TimeControl "180+1"]
[Date "2022.12.21"]
[WhiteClock "0:02:03"]
[BlackClock "0:01:56"]

1. c4 c5 2. Nc3 Nc6 3. Nf3 g6 4. g3 Bg7 5. Bg2 d6 6. O-O e6 7. e3 Nge7 8. d4 cxd4 9. exd4 d5 10. cxd5 exd5 11. Bg5 Bf5 12. Re1 O-O 13. Nxd5 Qxd5 14. Bxe7 Nxe7 15. Rxe7 Be6 16. Ne5 Bf6 17. Bxd5 Bxd5 18. Rd7 Bxe5 19. Rxd5 Bg7 20. Rd7 b6 21. Qf3 Rad8 22. Rxd8 Rxd8 23. d5 Bxb2 24. Re1 Kg7 25. Re7 Bf6 26. Rxa7 1-0


[Site "https://www.chess.com"]

[Event "Titled Tuesday Blitz December 20 Late 2022"]
[White "Bjelobrk, Igor"]
[Black "Kaplan, Avi Harrison"]
[WhiteFideId "4300726"]
[BlackFideId "30934559"]
[WhiteElo "2669"]
[BlackElo "2453"]
[Result "1-0"]
[Round "11"]
[TimeControl "180+1"]
[Date "2022.12.21"]
[WhiteClock "0:00:49"]
[BlackClock "0:00:01"]

1. Nf3 c5 2. c4 Nc6 3. d4 cxd4 4. Nxd4 g6 5. e4 Bg7 6. Be3 d6 7. Nc3 Bd7 8. Be2 Nf6 9. O-O O-O 10. Qd2 a6 11. Rfe1 Rc8 12. b3 Nxd4 13. Bxd4 Bc6 14. Bd3 Qc7 15. Nd5 Nxd5 16. Bxg7 Kxg7 17. exd5 Be8 18. h4 b5 19. h5 bxc4 20. bxc4 Qd7 21. Re3 Qg4 22. hxg6 hxg6 23. Rxe7 Rh8 24. Qc3+ Kg8 25. Rae1 Ba4 26. Qf6 Rh7 27. R1e3 Rb8 28. Rh3 Qd1+ 29. Kh2 Rxh3+ 30. gxh3 Be8 31. Bxg6 Rb1 32. Bxf7+ Kh7 33. Qg6+ Kh8 34. Qg8# 1-0


[Site "https://www.chess.com"]

[Event "Titled Tuesday Blitz December 20 Late 2022"]
[White "Blanco Acevedo, Cristobal Jose"]
[Black "Peatman, Carter"]
[WhiteFideId "3900525"]
[BlackFideId "2096480"]
[WhiteElo "2273"]
[BlackElo "2415"]
[Result "1-0"]
[Round "11"]
[TimeControl "180+1"]
[Date "2022.12.21"]
[WhiteClock "0:00:27"]
[BlackClock "0:00:01"]

1. e4 e5 2. Nf3 Nf6 3. Nc3 Bb4 4. Nxe5 O-O 5. Nd3 Bxc3 6. dxc3 Nxe4 7. c4 Re8 8. Be2 d6 9. O-O Nd7 10. Be3 Ndf6 11. Bf3 Be6 12. c5 d5 13. Bd4 Bf5 14. h3 Bg6 15. Nf4 Bf5 16. c3 c6 17. g4 Bc8 18. Bg2 Qc7 19. Nd3 Nd7 20. f3 Nef6 21. Qd2 b6 22. b4 Ba6 23. Rfe1 bxc5 24. Nxc5 Nxc5 25. bxc5 Nd7 26. f4 Qa5 27. Qf2 Rab8 28. f5 f6 29. h4 Ne5 30. g5 Qa3 31. gxf6 gxf6 32. Qg3+ Kf7 33. Bf3 Rg8 34. Bh5+ Kf8 35. Bg6 hxg6 36. Kh2 gxf5 37. Qf4 Ng4+ 38. Kh1 Qb2 39. Qd6+ Kg7 40. Re7+ Kg6 41. Rg1 Rbf8 42. Re6 Qc2 43. Rxf6+ Rxf6 44. Qxf6+ Kh5 45. Qf7+ Kxh4 46. Qh7+ Nh6 47. Qxh6# 1-0


[Site "https://www.chess.com"]

[Event "Titled Tuesday Blitz December 20 Late 2022"]
[White "Bolanos, Fernando"]
[Black "TheKnightOfBosnia"]
[WhiteFideId "3304094"]
[WhiteElo "2166"]
[BlackElo "2425"]
[Result "1-0"]
[Round "11"]
[TimeControl "180+1"]
[Date "2022.12.21"]
[WhiteClock "0:00:15"]
[BlackClock "0:00:13"]

1. e4 e5 2. Nf3 Nc6 3. Bb5 a6 4. Ba4 Nf6 5. O-O b5 6. Bb3 Bb7 7. d3 Be7 8. c3 d6 9. Nbd2 h6 10. Re1 g5 11. Nf1 Qd7 12. Ne3 Na5 13. Bc2 c5 14. Nf5 Nc6 15. d4 O-O-O 16. dxc5 dxc5 17. Be3 Qe6 18. Qe2 g4 19. Nd2 h5 20. a4 b4 21. Bb3 Qd7 22. Nc4 Qc7 23. Bg5 Rhg8 24. Bh4 Rg6 25. a5 Ng8 26. Nb6+ Kb8 27. Nd5 Qd7 28. Ndxe7 Ngxe7 29. Red1 Qe8 30. Rxd8+ Qxd8 31. Bxf7 Rd6 32. Nxd6 Qxd6 33. Rd1 Qc7 34. Qd2 Qxa5 35. Qd6+ Qc7 36. Bxh5 bxc3 37. bxc3 c4 38. Bxg4 Qxd6 39. Rxd6 Ka7 40. Bd7 Nc8 41. Rxc6 Bxc6 42. Bxc6 Nb6 43. Bf6 a5 44. h4 a4 45. Bxa4 Nxa4 46. h5 Nxc3 47. h6 Ne2+ 48. Kf1 Nf4 49. Bxe5 Ng6 50. f4 Kb6 51. h7 Kc5 52. h8=Q Nxh8 53. Bxh8 c3 54. Bxc3 Kc4 55. f5 Kd3 56. f6 Kc2 57. f7 Kd3 58. f8=Q Kc2 59. e5 Kd3 60. e6 Ke4 61. e7 Kd3 62. e8=Q Kc2 63. Qa4+ Kc1 64. Qff4+ Kb1 65. Qb3# 1-0


[Site "https://www.chess.com"]

[Event "Titled Tuesday Blitz December 20 Late 2022"]
[White "Broca Jimenez, Fernando"]
[Black "Piliczewski, Bogusz"]
[WhiteFideId "5104742"]
[BlackFideId "1104144"]
[WhiteElo "2062"]
[BlackElo "1896"]
[Result "1-0"]
[Round "11"]
[TimeControl "180+1"]
[Date "2022.12.21"]
[WhiteClock "0:00:20"]
[BlackClock "0:00:20"]

1. e4 c6 2. d4 d5 3. Nc3 dxe4 4. Nxe4 Bf5 5. Ng3 Bg6 6. h4 h6 7. h5 Bh7 8. Nf3 Nd7 9. Bd3 Bxd3 10. Qxd3 e6 11. Bf4 Qa5+ 12. Bd2 Bb4 13. c3 Be7 14. c4 Qc7 15. Ne4 Ngf6 16. O-O-O O-O-O 17. Kb1 Nc5 18. Nxc5 Bxc5 19. Bc3 Be7 20. Ne5 Rhf8 21. Qe2 Bd6 22. f4 c5 23. g4 cxd4 24. Bxd4 Bc5 25. Bxc5 Qxc5 26. Rxd8+ Kxd8 27. Rd1+ Kc8 28. Qd3 Qc7 29. c5 Nd5 30. Qb5 Nxf4 31. Rd7 Qb8 32. c6 Qc7 33. cxb7+ Kb8 34. Rxc7 Kxc7 35. b8=Q+ Rxb8 36. Qc6+ Kd8 37. Qd7# 1-0


[Site "https://www.chess.com"]

[Event "Titled Tuesday Blitz December 20 Late 2022"]
[White "Bryant, Todd"]
[Black "Berezin, Viktor"]
[WhiteFideId "2031299"]
[BlackFideId "14107872"]
[WhiteElo "2337"]
[BlackElo "2310"]
[Result "0-1"]
[Round "11"]
[TimeControl "180+1"]
[Date "2022.12.21"]
[WhiteClock "0:00:06"]
[BlackClock "0:00:45"]

1. e4 c6 2. d4 d5 3. f3 g6 4. Nc3 Bg7 5. e5 f6 6. f4 Nh6 7. Be3 O-O 8. Qd2 Ng4 9. O-O-O Nxe3 10. Qxe3 b5 11. Kb1 b4 12. Nce2 a5 13. Ng3 a4 14. h4 b3 15. cxb3 axb3 16. Qxb3 fxe5 17. fxe5 Rf2 18. h5 Na6 19. hxg6 h6 20. Qe3 Qf8 21. Nf3 Bf5+ 22. Nxf5 Nb4 23. Nxg7 Rxb2+ 24. Kxb2 Rxa2+ 25. Kb1 Qa8 26. Qc3 Qa4 27. Bd3 Ra3 28. Qc1 Rb3+ 29. Qb2 Qa2+ 30. Kc1 Qxb2# 0-1


[Site "https://www.chess.com"]

[Event "Titled Tuesday Blitz December 20 Late 2022"]
[White "Burke, Paul"]
[Black "Vargas, Mauricio"]
[WhiteFideId "2605767"]
[BlackFideId "4404572"]
[WhiteElo "1774"]
[BlackElo "2025"]
[Result "0-1"]
[Round "11"]
[TimeControl "180+1"]
[Date "2022.12.21"]
[WhiteClock "0:01:21"]
[BlackClock "0:01:03"]

1. e4 d5 2. exd5 Qxd5 3. d4 Qa5+ 4. c3 c6 5. Nf3 Bg4 6. Be2 Nf6 7. Be3 e6 8. h3 Bf5 9. Nbd2 Bd6 10. Nc4 Qc7 11. Nxd6+ Qxd6 12. O-O O-O 13. Bd3 Nbd7 14. Bxf5 exf5 15. Qc2 Ne4 16. Nd2 Ndf6 17. Nxe4 Nxe4 18. Rad1 Rfe8 19. Rfe1 Re6 20. f3 Ng3 21. Bf2 f4 22. Rxe6 Qxe6 23. Re1 Qxa2 24. Bxg3 fxg3 25. Qe4 h6 26. Qe5 Qxb2 27. Qxg3 Qxc3 28. Re7 Qxd4+ 29. Kh2 b5 30. Rb7 a5 31. Qc7 Qf6 32. Rb6 Re8 33. Rxc6 Qe5+ 34. Qxe5 Rxe5 35. Ra6 a4 0-1


[Site "https://www.chess.com"]

[Event "Titled Tuesday Blitz December 20 Late 2022"]
[White "Carbone, Diego"]
[Black "Solon, Nathan"]
[WhiteFideId "3002179"]
[BlackFideId "2017229"]
[WhiteElo "2266"]
[BlackElo "2627"]
[Result "0-1"]
[Round "11"]
[TimeControl "180+1"]
[Date "2022.12.21"]
[WhiteClock "0:00:05"]
[BlackClock "0:00:53"]

1. d4 Nf6 2. c4 c5 3. d5 b5 4. cxb5 a6 5. bxa6 g6 6. Nc3 Bg7 7. e4 O-O 8. e5 Ne8 9. h4 Bxe5 10. Bh6 Ng7 11. Qd2 Bxa6 12. Nf3 Bf6 13. g4 Bxf1 14. Kxf1 Qa5 15. h5 d6 16. hxg6 fxg6 17. Kg2 Nd7 18. Rae1 Rf7 19. Ng5 Bxg5 20. Bxg5 Raf8 21. Re2 Ne5 22. f4 Nxg4 23. Rxe7 Nf5 24. Rxf7 Rxf7 25. Re1 h6 26. Re8+ Kg7 27. Bd8 Qa6 28. a4 h5 29. Nb5 Qxa4 30. Qc3+ Nd4 31. Nxd4 Qxd4 32. Qxd4+ cxd4 33. Ba5 Ne3+ 34. Kf3 Nxd5 35. Ke4 Nf6+ 36. Kxd4 Nxe8 37. Kd5 Rf5+ 38. Ke6 Rxa5 0-1


[Site "https://www.chess.com"]

[Event "Titled Tuesday Blitz December 20 Late 2022"]
[White "Carlsen, Magnus"]
[Black "Keymer, Vincent"]
[WhiteFideId "1503014"]
[BlackFideId "12940690"]
[WhiteElo "2830"]
[BlackElo "2600"]
[Result "1-0"]
[Round "11"]
[TimeControl "180+1"]
[Date "2022.12.20"]
[WhiteClock "0:02:00"]
[BlackClock "0:00:15"]

1. Nf3 d5 2. g3 Nf6 3. Bg2 c5 4. O-O e6 5. d4 cxd4 6. Nxd4 e5 7. Nb3 Be7 8. c4 d4 9. f4 Nbd7 10. Na3 O-O 11. fxe5 Nxe5 12. Bf4 Nfg4 13. Qxd4 Qxd4+ 14. Nxd4 Bxa3 15. bxa3 Nxc4 16. Rfc1 Nge3 17. Bf3 Rd8 18. Nb5 a6 19. Nc7 Ra7 20. a4 b6 21. Rc3 Rd7 22. Rac1 h6 23. Bxe3 Nxe3 24. Rxe3 Raxc7 25. Re8+ Kh7 26. Rxc8 1-0


[Site "https://www.chess.com"]

[Event "Titled Tuesday Blitz December 20 Late 2022"]
[White "Caruana, Fabiano"]
[Black "ChessBrah"]
[WhiteFideId "2020009"]
[WhiteElo "3020"]
[BlackElo "2908"]
[Result "1-0"]
[Round "11"]
[TimeControl "180+1"]
[Date "2022.12.21"]
[WhiteClock "0:00:21"]
[BlackClock "0:00:01"]

1. d3 d5 2. g3 Nc6 3. Bg2 e5 4. Nf3 Nf6 5. O-O Be7 6. a3 a5 7. b3 O-O 8. e3 Re8 9. Bb2 Bf8 10. Nbd2 h6 11. Qe2 e4 12. dxe4 dxe4 13. Nd4 Bg4 14. Qe1 Ne5 15. h3 Bd7 16. Kh2 c5 17. Ne2 Bc6 18. Bxe5 Rxe5 19. Nc4 Re8 20. a4 Nd5 21. Rd1 Qf6 22. Nf4 Nb4 23. c3 Nd3 24. Nxd3 exd3 25. Bxc6 Qxc6 26. Rxd3 b5 27. axb5 Qxb5 28. Qb1 a4 29. Nd2 a3 30. Qc2 Red8 31. Rxd8 Rxd8 32. Nc4 Ra8 33. Ra1 Qb7 34. Rxa3 Rd8 35. Ra1 Qf3 36. Re1 h5 37. Qe2 Qf6 38. Rc1 h4 39. g4 Qe6 40. Kg2 Rb8 41. Qc2 Qc6+ 42. e4 Re8 43. Re1 g6 44. Qd3 Qb7 45. Nd2 Qa8 46. Nf3 Qb7 47. Qc4 Be7 48. Ne5 Bf6 49. Nxg6 Qc7 50. e5 Bg7 51. Nxh4 1-0


[Site "https://www.chess.com"]

[Event "Titled Tuesday Blitz December 20 Late 2022"]
[White "Chigaev, Maksim"]
[Black "Shimanov, Aleksandr"]
[WhiteFideId "4108116"]
[BlackFideId "4198603"]
[WhiteElo "2542"]
[BlackElo "2605"]
[Result "1-0"]
[Round "11"]
[TimeControl "180+1"]
[Date "2022.12.20"]
[WhiteClock "0:00:03"]
[BlackClock "0:00:04"]

1. c4 g6 2. Nc3 e6 3. d4 c5 4. Nf3 a6 5. g3 d6 6. Bg2 Nc6 7. O-O Bg7 8. d5 exd5 9. Nxd5 Nge7 10. Bg5 O-O 11. Qd2 f6 12. Bf4 Ne5 13. b3 Be6 14. Nc3 Qc7 15. Rad1 Rad8 16. Ne1 Kh8 17. Nc2 f5 18. Bg5 Nf7 19. Bxe7 Qxe7 20. Ne3 Ne5 21. Ned5 Qf7 22. Nf4 Bc8 23. h4 Rfe8 24. Ncd5 Ng4 25. Nb6 Be5 26. Nxc8 Rxc8 27. e3 b5 28. Qd5 Qxd5 29. Bxd5 Rb8 30. Rd2 Nf6 31. Bf3 bxc4 32. bxc4 Rb4 33. Rc1 Reb8 34. Nd3 Rb1 35. Rxb1 Rxb1+ 36. Kg2 Kg7 37. Bc6 Bc3 38. Rc2 Ba5 39. Nf4 Ng4 40. Bf3 Ne5 41. Be2 Kf6 42. Nd5+ Ke6 43. f4 Nd7 44. h5 Nf6 45. hxg6 hxg6 46. Bf3 Nxd5 47. Bxd5+ Kf6 48. e4 fxe4 49. Bxe4 g5 50. Rf2 Bc3 51. fxg5+ Kxg5 52. Rf5+ Kh6 53. Bxb1 1-0


[Site "https://www.chess.com"]

[Event "Titled Tuesday Blitz December 20 Late 2022"]
[White "Clawitter, Craig"]
[Black "Sarkar, Justin"]
[WhiteFideId "2023105"]
[BlackFideId "2010011"]
[WhiteElo "2217"]
[BlackElo "2239"]
[Result "0-1"]
[Round "11"]
[TimeControl "180+1"]
[Date "2022.12.21"]
[WhiteClock "0:00:01"]
[BlackClock "0:00:02"]

1. e4 e5 2. Nf3 Nc6 3. Bb5 a6 4. Ba4 Nf6 5. O-O Be7 6. d3 b5 7. Bb3 d6 8. a4 Bd7 9. Nc3 Rb8 10. axb5 axb5 11. Nd5 O-O 12. c3 b4 13. c4 Bg4 14. Be3 Nd7 15. h3 Bxf3 16. Qxf3 Nc5 17. Qd1 Ne6 18. f4 exf4 19. Nxf4 Nxf4 20. Bxf4 Bf6 21. Ra2 Be5 22. Be3 Bd4 23. Qf3 Qg5 24. Bf2 Qe5 25. Ra6 Bxf2+ 26. Qxf2 Nd4 27. Bd1 f5 28. exf5 Rxf5 29. Qe1 Rxf1+ 30. Qxf1 Rf8 31. Bf3 Nxf3+ 32. gxf3 Qg3+ 33. Qg2 Rxf3 34. Qxg3 Rxg3+ 35. Kh2 Rxd3 36. Rc6 Rb3 37. Rxc7 Rxb2+ 38. Kg3 Rc2 39. Rd7 Rxc4 40. Rxd6 b3 41. Rb6 Rc3+ 42. Kg4 h6 43. h4 Kh7 44. h5 Rc4+ 45. Kg3 Rc3+ 46. Kg4 Rd3 47. Kf4 Kg8 48. Rb7 Kf8 49. Kf5 Re3 50. Kg6 Re6+ 51. Kh7 Re5 52. Kg6 Rg5+ 53. Kh7 Rxh5 54. Rb8+ Kf7 55. Rb7+ Kf6 56. Rb6+ Kg5 57. Kxg7 Rh3 58. Rg6+ Kf5 59. Rb6 Ke4 0-1


[Site "https://www.chess.com"]

[Event "Titled Tuesday Blitz December 20 Late 2022"]
[White "D`Arruda, Ricardo D."]
[Black "Curtis, John"]
[WhiteFideId "100692"]
[BlackFideId "3200256"]
[WhiteElo "2435"]
[BlackElo "2203"]
[Result "1-0"]
[Round "11"]
[TimeControl "180+1"]
[Date "2022.12.21"]
[WhiteClock "0:01:10"]
[BlackClock "0:00:18"]

1. d4 Nf6 2. Nf3 e6 3. g3 d5 4. Bg2 c5 5. O-O Nc6 6. c4 dxc4 7. Qa4 cxd4 8. Nxd4 Bd7 9. Nxc6 Qc8 10. Qxc4 Bxc6 11. Bxc6+ Qxc6 12. Qxc6+ bxc6 13. Nc3 Nd5 14. Bd2 Nxc3 15. Bxc3 f6 16. Rfd1 Bc5 17. Rd3 Rd8 18. Rad1 Rxd3 19. Rxd3 Ke7 20. e4 Rd8 21. Rxd8 Kxd8 22. Kf1 Ke7 23. Ke2 g6 24. f3 f5 25. g4 fxe4 26. fxe4 Bd6 27. h3 a6 28. Kd3 Kd7 29. Kc4 Kc7 30. b3 Bg3 31. Ba5+ Kd7 32. Bb6 Be1 33. Bd4 Kc7 34. Kc5 Ba5 35. Be5+ Kd7 36. Bf4 Bd8 37. Be5 Ba5 38. b4 Bd8 39. a3 a5 40. bxa5 Bxa5 41. a4 Bd8 42. Bc3 Bc7 43. a5 Bg3 44. Kb6 Bf2+ 45. Kb7 1-0


[Site "https://www.chess.com"]

[Event "Titled Tuesday Blitz December 20 Late 2022"]
[White "Da Silva Junior, Sediney Mari"]
[Black "Dias, Joao Batista"]
[WhiteFideId "2132079"]
[BlackFideId "2108240"]
[WhiteElo "1996"]
[BlackElo "1898"]
[Result "1/2-1/2"]
[Round "11"]
[TimeControl "180+1"]
[Date "2022.12.21"]
[WhiteClock "0:00:10"]
[BlackClock "0:00:37"]

1. e4 e5 2. Nc3 Ne7 3. f4 exf4 4. Nf3 Ng6 5. d4 c6 6. h4 h5 7. Bd3 d6 8. e5 dxe5 9. Bxg6 fxg6 10. Nxe5 Bf5 11. Bxf4 Bb4 12. Qd2 O-O 13. O-O-O Nd7 14. a3 Bxc3 15. Qxc3 Nb6 16. Bg5 Qd5 17. g4 Be4 18. Rhg1 Qa2 19. gxh5 Rf2 20. Qb3+ Qxb3 21. cxb3 Rc2+ 22. Kb1 gxh5 23. Ka2 Nd5 24. Rde1 Bf5 25. Bh6 g6 26. Nxg6 Kh7 27. Ne7 Nxe7 28. Rxe7+ Kxh6 29. Rg5 Rf8 30. Re5 Rf2 31. Re7 Rf4 32. Rxb7 Rxh4 33. Rgg7 Rxd4 34. a4 h4 35. Rxa7 h3 36. Rgf7 Rxf7 37. Rxf7 Kg6 38. Rf8 Kg7 39. Rxf5 h2 40. Rh5 Rd2 41. a5 Rd5 42. Rxh2 Rxa5+ 43. Kb1 Kf6 44. Kc2 Ke5 45. Rd2 Ke4 46. Kc3 Rb5 47. Kc4 Ke5 48. Re2+ Kd6 49. b4 Kc7 50. Rg2 Kb6 51. b3 Rh5 52. Rg4 Rh1 53. Rd4 Rc1+ 54. Kd3 Rd1+ 55. Kc3 Rc1+ 56. Kb2 Rh1 57. Rc4 Rh3 58. Rc5 Rg3 59. Rf5 Rh3 60. Rf8 Rg3 61. Rb8+ Kc7 62. Re8 Kd7 63. Rh8 Kc7 64. Ka3 Kb6 65. Rb8+ Ka7 66. Re8 Kb6 67. Re5 Rh3 68. Rg5 Rh1 69. Rf5 Ra1+ 70. Kb2 Rh1 71. Rf8 Rh2+ 72. Kc3 Rh3+ 73. Kb2 Rh2+ 74. Ka3 Rh1 75. Rf5 Ra1+ 76. Kb2 Rh1 77. Kc3 Rh3+ 78. Kc4 Rh4+ 79. Kc3 Rh3+ 80. Kb2 Rh2+ 81. Ka3 Rh1 82. Rf3 Ra1+ 83. Kb2 Rh1 84. Kc3 Rc1+ 85. Kb2 Rh1 86. Rd3 Rh2+ 87. Kc3 Rh1 88. b5 Kxb5 89. Rg3 Rc1+ 90. Kb2 c5 91. Rg8 Rh1 92. Rb8+ Kc6 93. Ka3 Ra1+ 94. Kb2 Rh1 95. Rc8+ Kb6 96. Rb8+ Kc6 1/2-1/2


[Site "https://www.chess.com"]

[Event "Titled Tuesday Blitz December 20 Late 2022"]
[White "Delorme, Axel"]
[Black "Tologon tegin, Semetei"]
[WhiteFideId "632023"]
[BlackFideId "13800574"]
[WhiteElo "2478"]
[BlackElo "2264"]
[Result "0-1"]
[Round "11"]
[TimeControl "180+1"]
[Date "2022.12.20"]
[WhiteClock "0:01:01"]
[BlackClock "0:01:05"]

1. e4 e5 2. Nf3 Nc6 3. Bb5 a6 4. Ba4 Nf6 5. O-O Be7 6. Re1 b5 7. Bb3 O-O 8. a4 b4 9. c3 d6 10. h3 Rb8 11. d4 bxc3 12. bxc3 exd4 13. cxd4 d5 14. e5 Ne4 15. Nbd2 Bf5 16. Bc2 Nc3 17. Bxf5 Nxd1 18. Rxd1 Bb4 19. Bd3 Bc3 20. Ra3 Bxd4 21. Nxd4 Nxd4 22. Bxa6 c5 23. Bf1 Qa5 24. Nf3 Nxf3+ 25. Rxf3 c4 26. Ba3 Rfc8 27. Bd6 Rb3 28. Be2 c3 29. Rc1 d4 30. Bb5 Rxb5 31. axb5 Qxb5 32. h4 d3 0-1


[Site "https://www.chess.com"]

[Event "Titled Tuesday Blitz December 20 Late 2022"]
[White "Denishev, Marat"]
[Black "Reprintsev, Alexander"]
[WhiteFideId "24131563"]
[BlackFideId "14100541"]
[WhiteElo "2194"]
[BlackElo "2230"]
[Result "0-1"]
[Round "11"]
[TimeControl "180+1"]
[Date "2022.12.20"]
[WhiteClock "0:00:19"]
[BlackClock "0:00:20"]

1. e4 d5 2. exd5 Qxd5 3. Nc3 Qa5 4. d4 Nf6 5. Nf3 Nc6 6. Bb5 Ne4 7. Qd3 Nxc3 8. bxc3 a6 9. Bxc6+ bxc6 10. O-O Bf5 11. Qe2 e6 12. Ne5 Bd6 13. Qc4 Qb5 14. Qxc6+ Qxc6 15. Nxc6 Bxc2 16. Be3 f6 17. Rfc1 Be4 18. Na5 Kd7 19. Nc4 Be7 20. f3 Bd3 21. Nd2 Rhb8 22. Nb3 a5 23. Rd1 Bc4 24. Nd2 Be2 25. Re1 Bd3 26. Bf4 Rb2 27. Nb3 a4 28. Nc5+ Bxc5 29. dxc5 Bc4 30. Rad1+ Kc6 31. a3 Rb3 32. Rd4 Rxc3 33. Bd2 Rc2 34. Bb4 Bd5 35. Rh4 h6 36. Rg4 g5 37. h4 Rd8 38. Rd1 f5 39. Rgd4 Rg8 40. h5 g4 41. fxg4 Rxg2+ 42. Kf1 R2xg4 43. Ba5 Rg1+ 44. Kf2 R8g2+ 45. Ke3 Rxd1 46. Rxd1 e5 47. Rb1 f4+ 48. Kd3 Ra2 49. Bb4 Rh2 50. Rg1 Rh3+ 51. Kd2 Rxh5 52. Rg6+ Kb5 53. Rg7 c6 54. Rb7+ Kc4 55. Rd7 Rh2+ 56. Ke1 e4 57. Ba5 e3 58. Bc7 Bf3 0-1


[Site "https://www.chess.com"]

[Event "Titled Tuesday Blitz December 20 Late 2022"]
[White "Floresvillar Gonzalez, Luis Migu"]
[Black "Szyszylo, Rafal"]
[WhiteFideId "5100542"]
[BlackFideId "1109626"]
[WhiteElo "2040"]
[BlackElo "1981"]
[Result "0-1"]
[Round "11"]
[TimeControl "180+1"]
[Date "2022.12.21"]
[WhiteClock "0:00:43"]
[BlackClock "0:00:09"]

1. e4 g6 2. d4 Bg7 3. Nc3 d6 4. Bg5 Nf6 5. f3 c6 6. Bc4 b5 7. Bb3 a5 8. a3 O-O 9. Nge2 Nbd7 10. Qd2 Qb6 11. Bh6 e5 12. d5 c5 13. h4 c4 14. Ba2 Nh5 15. Bxg7 Kxg7 16. g4 Nf4 17. Nxf4 exf4 18. Qxf4 Ne5 19. O-O-O b4 20. Nb1 b3 21. Bxb3 cxb3 22. h5 Ra7 23. hxg6 fxg6 24. Qh6+ Kg8 25. cxb3 Qxb3 26. Nc3 Ba6 27. f4 Rb8 28. Rh2 Nxg4 29. Qh3 Nxh2 30. Qxh2 Rc7 31. Qd2 Rbc8 32. Re1 Rxc3+ 33. bxc3 Rxc3+ 34. Qxc3 Qxc3+ 35. Kd1 Qd3+ 36. Kc1 Qxa3+ 37. Kd2 Qa2+ 38. Ke3 Qb3+ 39. Kf2 a4 40. e5 Qxd5 41. exd6 Qxd6 42. Re8+ Kf7 43. Re5 Qxe5 44. fxe5 Ke6 45. Kg3 Kxe5 46. Kh4 a3 47. Kg5 a2 48. Kh6 a1=Q 49. Kg7 g5 50. Kh6 g4 51. Kh5 g3 52. Kh6 g2 53. Kxh7 Qc1 54. Kh8 Qg5 55. Kh7 g1=Q 0-1


[Site "https://www.chess.com"]

[Event "Titled Tuesday Blitz December 20 Late 2022"]
[White "Flynn, Jacob"]
[Black "De Souza, Cristiano Gomes"]
[WhiteFideId "2509393"]
[BlackFideId "2151758"]
[WhiteElo "2053"]
[BlackElo "2068"]
[Result "1-0"]
[Round "11"]
[TimeControl "180+1"]
[Date "2022.12.21"]
[WhiteClock "0:00:54"]
[BlackClock "0:01:31"]

1. d4 Nf6 2. g4 Nxg4 3. e4 d6 4. Nc3 c6 5. Nf3 Nf6 6. Bd3 Bg4 7. Rg1 Bh5 8. Bg5 Bg6 9. Bxf6 exf6 10. Qe2 Be7 11. O-O-O Qa5 12. Kb1 Nd7 13. Qe3 b5 14. e5 dxe5 15. dxe5 b4 16. Bxg6 hxg6 17. e6 Ne5 18. Nxe5 Qxe5 19. exf7+ Kxf7 20. Qd3 Qf5 21. Ne4 Rad8 22. Qb3+ Qe6 23. Qf3 Rxd1+ 24. Rxd1 Qf5 25. Qb3+ Qe6 26. Qf3 f5 27. Ng3 Rxh2 28. Nf1 Qe4 29. Nxh2 Qxf3 30. Nxf3 g5 31. Nd4 f4 32. Nxc6 Bf6 33. f3 Kg6 34. Nxb4 Kf5 35. Rg1 1-0


[Site "https://www.chess.com"]